[Event "VIII Open Semana Santa 2024"]
[Site "San Vicente del Raspeig"]
[Date "2024.03.29"]
[Round "4.15"]
[White "Garcia Martin, Marta"]
[Black "Ceres, Dragos"]
[Result "0-1"]
[ECO "B92"]
[WhiteElo "2356"]
[BlackElo "2482"]
[Annotator "TA"]
[PlyCount "78"]
[EventDate "2024.03.27"]
[EventType "swiss"]
[EventCountry "ESP"]
[SourceTitle "playchess.com"]
[Source "ChessBase"]
[SourceQuality "1"]
[TimeControl "5400+30"]

1. e4 c5 2. Nf3 d6 3. d4 cxd4 4. Nxd4 Nf6 5. Nc3 a6 6. Be2 e5 7. Nb3 Be7 8. Be3 Be6 9. Nd5 Nbd7 10. Qd3 Bxd5 11. exd5 O-O 12. O-O Re8 13. a4 Qc7 14. a5 Rac8 (14... Nc5 $11 15. Qc4 Rac8) 15. c4 $16 {[%emt 0:01:04] White is better.} Bf8 16. Nd2 g6 17. b4 h5 18. Rac1 Qd8 19. Nb3 ({Better is} 19. f3 $16) 19... e4 (19... Ng4 $14) 20. Qd1 Ne5 21. h3 Qd7 22. Qd2 Kh7 23. Rfd1 Ng8 (23... Qa4 $16) 24. b5 (24. c5 $18) 24... axb5 25. cxb5 Bh6 26. Bxh6 Nxh6 27. Nd4 Rc5 (27... Nf5 $16 {was called for.}) 28. Rxc5 $2 (28. a6 $18 {is more deadly.}) 28... dxc5 29. Nb3 Qd6 30. Qc3 Nd7 31. b6 (31. Nd2 $1 $14) 31... e3 $11 {[%emt 0:02:29] [#] And now ...exf2+ would win.} 32. Bb5 exf2+ 33. Kxf2 Nf6 34. Kg1 $1 ({Don't play} 34. Nxc5 Rc8) 34... Ne4 35. Qf3 Re5 {[%emt 0:02:08][%cal Oh6f5] ...Nf5! is the strong threat.} 36. Bc4 (36. Bd3 $11 Ng5 37. Qg3 (37. Qxh5 $2 {too greedy.} c4 $19)) 36... Nf5 $17 37. Qf4 {[%emt 0:01:09] Prevents Ng5.} Neg3 {[%emt 0:01:55] Excellent horsemanship.} ({Black should try} 37... Nf6 $17 {[%cal Oe5e1] Hoping for ...Re1+!} 38. Rf1 Nxd5 39. Bxd5 Qxd5) 38. Kh2 $2 (38. Qf2 $11) 38... h4 $19 {[%emt 0:01:00][%cal Oe5e1] ( -> ...Re1!)} 39. Nd2 {[%emt 0:00:38] [#]} Re1 $3 {[%emt 0:01:10][%mdl 512] Never resign too early!   Weighted Error Value: White=0.67/Black=0.29 (precise) .  Loses game:     	White=1     	---        Mistake:       	White=5     	Black=5      Inaccurate:     	White=3     	Black=6      OK:         	White=8     	Black=8      Best:        	White=1     	Black=2      Strong:       	White=1     	---} 0-1

[Event "VIII Open Semana Santa 2024"]
[Site "San Vicente del Raspeig"]
[Date "2024.03.29"]
[Round "4.16"]
[White "Solodovnichenko, Yuri"]
[Black "Labiano Hernandez, Juan"]
[Result "1-0"]
[ECO "C48"]
[WhiteElo "2481"]
[BlackElo "2362"]
[Annotator "TA"]
[PlyCount "77"]
[EventDate "2024.03.27"]
[EventType "swiss"]
[EventCountry "ESP"]
[SourceTitle "playchess.com"]
[Source "ChessBase"]
[SourceQuality "1"]
[TimeControl "5400+30"]

1. e4 e5 2. Nf3 Nc6 3. Nc3 Nf6 4. Bb5 Nd4 5. O-O c6 6. Bd3 Nxf3+ 7. Qxf3 Bd6 8. Bc4 {[%emt 0:03:49] The position is equal.} O-O 9. d3 Re8 (9... b5 $5 10. Bb3 $8 b4 $14) 10. Bg5 Be7 11. Nd1 h6 12. Bh4 g5 13. Bg3 d5 14. exd5 Bg4 15. Qe3 {[%emt 0:00:07] Hoping for dxc6.} Nxd5 16. Bxd5 Qxd5 17. Nc3 Qe6 18. Bxe5 Bb4 {[%emt 0:01:38] White now steadily converts the win.} 19. Rae1 Bxc3 20. Bxc3 Qxe3 21. fxe3 Re6 22. e4 Bh5 {[%emt 0:03:22] Black is weak on the dark squares} 23. a4 Bg6 24. g4 c5 25. b3 b6 (25... Rc8 $142 26. h4 gxh4) 26. Bf6 Rc8 (26... Rae8 $142 27. Re3 Rd6) 27. Re3 $18 Rcc6 28. e5 Kh7 29. Rh3 a6 30. Re1 ({Don't do} 30. Bxg5 Rxe5 31. Bxh6 (31. Rxh6+ Kg7 $18) 31... Kg8) 30... Rxf6 (30... Re8 $142) 31. exf6 Rxf6 {[%emt 0:00:04][%mdl 4096] Endgame. KRR-KRB} 32. Re5 Rf4 33. Rxg5 {[%emt 0:01:13] White is clearly winning.} f5 34. Rh4 ({Not} 34. gxf5 Bxf5 35. Rhh5 Bg6 $16) 34... b5 35. axb5 axb5 36. gxf5 Rxh4 37. fxg6+ ({Weaker is} 37. Rxg6 c4 38. dxc4 bxc4 $18) 37... Kg7 38. Rxc5 b4 39. Rc4 {[%emt 0:00:12] Prevents Rg4+.   Weighted Error Value: White=0.09 (flawless) /Black=0.27 (precise) .  Mistake:       	---       	Black=3      Inaccurate:     	---       	Black=2      OK:         	White=14    	Black=9      Best:        	White=2     	Black=2} 1-0

[Event "VIII Open Semana Santa 2024"]
[Site "San Vicente del Raspeig"]
[Date "2024.03.29"]
[Round "4.18"]
[White "Shuvalova, Polina"]
[Black "Boder, Jan"]
[Result "1-0"]
[ECO "C24"]
[WhiteElo "2455"]
[BlackElo "2328"]
[Annotator "TA"]
[PlyCount "89"]
[EventDate "2024.03.27"]
[EventType "swiss"]
[EventCountry "ESP"]
[SourceTitle "playchess.com"]
[Source "ChessBase"]
[SourceQuality "1"]
[TimeControl "5400+30"]

1. e4 e5 2. Nf3 Nc6 3. Bc4 Nf6 4. d3 d5 5. exd5 Nxd5 6. O-O Nb6 7. Bb5 Bd6 {[%emt 0:00:30] [#]} 8. Nxe5 $1 Bxe5 9. Bxc6+ {[%emt 0:00:30] White is slightly better.} bxc6 10. Re1 Qe7 11. Kh1 O-O 12. f4 f6 13. fxe5 fxe5 14. Nc3 Bf5 15. b3 Qh4 16. Ne4 (16. Rxe5 $6 Qd4 17. Qe1 Bxd3 $17) 16... Bg4 17. Bg5 Qh5 18. Qd2 Nd5 19. Ng3 Qg6 20. Rxe5 Rae8 21. Rxe8 Rxe8 22. Re1 h6 {[%emt 0:01:05] Hoping for ...Rxe1+.} 23. Be3 h5 (23... Nxe3 $16 {was worth a try.} 24. Rxe3 Rxe3 25. Qxe3 Bd1) 24. Nf1 a6 25. h3 Bd7 26. Bd4 Rf8 27. Nh2 c5 (27... Qg3 $142 28. Rf1 Rxf1+ 29. Nxf1 Qg6) 28. Bxc5 $18 Rf5 29. Bd4 Bc6 30. Be5 {[%emt 0:00:22] Prevents Nf4} Rxe5 31. Rxe5 Nf4 32. Re2 (32. Qxf4 $2 Qxg2#) 32... Qg3 {[%emt 0:00:15] [#]} (32... Nxe2 {might work better.} 33. Qxe2 Qf5) 33. d4 $1 {[%emt 0:01:06] Threatens to win with Rf2.} Nxe2 34. Qxe2 Qxh3 $2 {[%emt 0:00:09][%mdl 4096] Endgame. KQB-KQN} (34... Qf4 35. Qxa6 (35. Qxh5 {is a self mate.} Qc1+) 35... Qc1+ 36. Nf1 Bd7 37. Qa8+ Kf7) 35. Qc4+ (35. Qxa6 $2 Qxg2#) 35... Kh7 36. Qxc6 Qh4 37. Qc3 ({Weaker is} 37. Qxc7 Qe1+ $18) 37... c6 38. Kg1 ({Inferior is} 38. Qxc6 Qe1+ $11) 38... Qf6 39. Nf3 g5 40. Qc5 Kh6 41. Qe5 Qd8 42. Qe3 Qd5 43. c4 Qf5 44. Qe5 Qg6 45. Qh8+ {[%emt 0:00:09] Weighted Error Value: White=0.15 (very precise) /Black=0.28 (precise) .  Mistake:       	---       	Black=4      Inaccurate:     	White=1     	Black=3      OK:         	White=15    	Black=7      Best:        	White=4     	Black=2} 1-0

[Event "VIII Open Semana Santa 2024"]
[Site "San Vicente del Raspeig"]
[Date "2024.03.29"]
[Round "4.19"]
[White "Vassallo Barroche, Mauricio"]
[Black "Ghazarian, Kirk"]
[Result "1/2-1/2"]
[ECO "A07"]
[WhiteElo "2354"]
[BlackElo "2454"]
[Annotator "TA"]
[PlyCount "76"]
[EventDate "2024.03.27"]
[EventType "swiss"]
[EventCountry "ESP"]
[SourceTitle "playchess.com"]
[Source "ChessBase"]
[SourceQuality "1"]
[TimeControl "5400+30"]

1. Nf3 d5 2. g3 b6 3. Bg2 Bb7 4. O-O e6 5. c4 dxc4 6. Qa4+ Nd7 7. Qxc4 Ngf6 8. b3 Be7 9. Bb2 c5 10. d3 O-O 11. Nbd2 a6 12. Qc2 b5 13. Rac1 Qb6 14. Qb1 Rac8 15. Rfe1 Rfd8 16. Nf1 h6 17. e4 Nb8 18. Ne5 Nc6 19. Nxc6 Bxc6 20. Ne3 Rd7 21. h4 Bb7 22. Bf1 Rcd8 23. Be5 Ne8 24. Qc2 Rc8 25. Qb2 Qd8 26. Qc2 Bf6 27. Ng4 Bxe5 28. Nxe5 Rdc7 29. a3 Qf6 30. Qb2 Nd6 31. Qa1 a5 32. Rc2 Qe7 33. Bg2 c4 34. dxc4 {[%emt 0:00:30] The position is equal.} bxc4 35. bxc4 Nxc4 36. Nxc4 Rxc4 37. Rxc4 Rxc4 38. Rc1 Qc7 {[%emt 0:00:30] Weighted Error Value: White=0.07 (flawless) /Black=0.07 (flawless) .  Inaccurate:     	White=2     	Black=3      OK:         	White=11    	Black=13} 1/2-1/2

[Event "VIII Open Semana Santa 2024"]
[Site "San Vicente del Raspeig"]
[Date "2024.03.29"]
[Round "4.20"]
[White "Sanchez Lopez, Jesus"]
[Black "Schulman, Julia"]
[Result "1-0"]
[ECO "B53"]
[WhiteElo "1951"]
[BlackElo "1732"]
[Annotator "RC"]
[PlyCount "63"]
[EventDate "2024.03.27"]
[EventType "swiss"]
[EventCountry "ESP"]
[SourceTitle "playchess.com"]
[Source "ChessBase"]
[SourceQuality "1"]
[TimeControl "5400+30"]

1. e4 c5 2. Nf3 d6 3. d4 cxd4 4. Qxd4 Nc6 5. Bb5 Bd7 6. Bxc6 Bxc6 7. Nc3 Nf6 8. Bg5 e5 9. Qd3 h6 10. Bxf6 Qxf6 11. Nb5 Rc8 12. Nxa7 Rc7 13. Nb5 Rd7 14. O-O Be7 15. c4 g5 16. Nd2 h5 17. Rfd1 Qg6 18. Nc3 g4 19. Nf1 h4 20. Ne3 Rh7 21. Ncd5 Bxd5 22. Qxd5 g3 23. fxg3 h3 24. gxh3 Rxh3 25. Nf5 Bg5 26. Kg2 Rh5 27. c5 Qh7 28. h4 f6 29. Qe6+ Kf8 30. Rxd6 Rxh4 31. gxh4 Bxh4 32. Rxd7 1-0

[Event "VIII Open Semana Santa 2024"]
[Site "San Vicente del Raspeig"]
[Date "2024.03.29"]
[Round "5.1"]
[White "Levin, Guy"]
[Black "Piorun, Kacper"]
[Result "0-1"]
[ECO "D02"]
[WhiteElo "2452"]
[BlackElo "2599"]
[Annotator "TA"]
[PlyCount "96"]
[EventDate "2024.03.27"]
[EventType "swiss"]
[EventCountry "ESP"]
[SourceTitle "playchess.com"]
[Source "ChessBase"]
[SourceQuality "1"]
[TimeControl "5400+30"]

1. Nf3 d5 2. g3 Nd7 3. d4 Nb6 4. Bg2 Bf5 5. a4 a5 6. O-O {[%emt 0:00:32] D02: 1 d4 d5 2 Nf3 sidelines, including 2...Nf6 3 g3 and 2...Nf6 3 Bf4.} Nf6 7. Nc3 h6 8. Nd2 e6 9. e4 Bh7 $146 ({Predecessor:} 9... dxe4 10. Ndxe4 Nxe4 11. Nxe4 c6 12. c3 Be7 13. Nc5 Bxc5 14. dxc5 Qxd1 15. Rxd1 Nd7 {½-½ Zhenetl,R (2435)-Frolyanov,D (2485) Titled Tuesday intern op 22nd Aug Early blitz 2023 (4)}) 10. exd5 exd5 11. Nb3 c6 12. Re1+ Be7 13. Nc5 Ra7 14. Qe2 Nc8 15. Bh3 b6 (15... O-O $5) 16. Nd3 O-O 17. Ne5 Rc7 18. Nd1 Re8 19. Ne3 Nd6 20. c3 Bf8 21. Qa6 Qb8 22. Qf1 Nde4 23. N3g4 Nxg4 24. Bxg4 Qb7 25. Bf4 Rce7 26. Bh3 g5 27. Be3 Bg7 28. Nf3 Nd6 29. Nd2 Qb8 30. Rec1 f5 31. Bg2 (31. Re1 $142) 31... Rf8 $19 32. Nf3 f4 33. gxf4 gxf4 34. Bd2 Be4 35. b3 Nf5 36. Kh1 Bf6 37. Ne5 $2 (37. Ng1 Bg5 38. Bxe4 dxe4 39. f3) 37... Bxe5 $19 38. dxe5 Qxe5 (38... f3 39. Bh3 Qxe5 40. Qa6 $19) 39. Re1 (39. Bxe4 $142 dxe4 40. Qh3) 39... f3 $19 40. Bh3 Rg7 41. Qa6 Nh4 42. Rxe4 dxe4 43. Qc4+ Kh7 44. Re1 (44. Qxc6 $142 Qh5 45. Rg1 Rxg1+ 46. Kxg1 Qg6+ 47. Qxg6+ Kxg6 48. Bf1) 44... Rg2 45. Qxe4+ Qxe4 46. Rxe4 Rfg8 47. Bxg2 $2 (47. Re7+ $19 Kh8 (47... R8g7 $2 48. Rxg7+ Rxg7 49. Bf4 $19) 48. Re1 Rxf2 49. Bf4) 47... fxg2+ 48. Kg1 Nf3# 0-1

[Event "VIII Open Semana Santa 2024"]
[Site "San Vicente del Raspeig"]
[Date "2024.03.29"]
[Round "5.2"]
[White "Kourkoulos-Arditis, Stamatis"]
[Black "Lamard, Guillaume"]
[Result "1-0"]
[ECO "C90"]
[WhiteElo "2556"]
[BlackElo "2483"]
[Annotator "TA"]
[PlyCount "95"]
[EventDate "2024.03.27"]
[EventType "swiss"]
[EventCountry "ESP"]
[SourceTitle "playchess.com"]
[Source "ChessBase"]
[SourceQuality "1"]
[TimeControl "5400+30"]

1. e4 e5 2. Nf3 Nc6 3. Bb5 a6 4. Ba4 Nf6 5. O-O Be7 6. d3 b5 7. Bb3 d6 8. a4 Bd7 9. c3 O-O 10. Bc2 h6 11. Re1 Re8 12. Nbd2 Bf8 13. Nf1 d5 14. exd5 Nxd5 15. Ng3 {[%emt 0:00:09] The position is equal.} b4 16. Bd2 bxc3 17. bxc3 Nf6 18. a5 Bd6 19. Bb3 Qc8 20. h3 Be6 (20... Rb8 $11) 21. Ba4 $14 Bd7 22. Qc2 Rb8 23. Qa2 Re7 (23... Nd8 $11) 24. Qc4 Nxa5 (24... Qe8 $14) 25. Qh4 $1 $16 {[%emt 0:13:09][%cal Od2h6] Strongly threatening Bxh6! White is more active.} Bf5 {[%emt 0:14:38] [#]} 26. Bxh6 $1 {[%emt 0:06:53][%mdl 512] And now Bg5 would win.} Bg6 27. Bg5 $40 {[%emt 0:02:04][%mdl 128] White has strong attack.} Re6 28. Bxf6 gxf6 (28... Rxf6 $16 29. Nxe5 Bxe5 30. Rxe5 Nc6) 29. Qg4 Re7 30. Qxc8+ Rxc8 {[%emt 0:00:06] [#]} 31. Bc2 (31. Nh4 $1 $18 {Ngf5 is the strong threat.} Bxd3 32. Nhf5) 31... Nb7 32. Nh4 Rd7 $2 {[%emt 0:01:59] Loses the game.} (32... Ree8 $16 33. Ra4 (33. Rxa6 Nc5 $16) 33... Rb8) 33. Nxg6 $18 (33. Rxa6 $6 Nc5 $18) 33... fxg6 {[%emt 0:00:04] [#] Black is weak on the light squares} 34. Bb3+ $1 ({Weaker is} 34. Rxa6 Nc5 35. Rc6 Kg7 $16) 34... Kg7 35. Be6 $1 ({Stronger than} 35. Rxa6 Nc5 36. Ba4 Rdd8 $15) 35... Rcd8 36. Bxd7 (36. Rxa6 Nc5 37. Bxd7 Nxa6 $18) 36... Rxd7 37. Rxa6 Nc5 38. Rc6 Nxd3 39. Rd1 Be7 40. h4 f5 (40... Kf8 {was worth a try.} 41. Kf1 Bd8) 41. h5 {[%emt 0:00:59] White is clearly winning.} Bf6 42. f3 Kf7 {[%emt 0:02:37] [#]} 43. Rxd3 $1 Rxd3 44. Rxc7+ Ke6 45. hxg6 {[%emt 0:00:47] Hoping for Rc6+.} e4 46. Rc6+ Ke5 {[%emt 0:02:33] [#]} 47. f4+ $1 Kxf4 48. Nh5+ {[%emt 0:00:04] Weighted Error Value: White=0.10 (very precise) /Black=0.31.  Loses game:     	---       	Black=1      Mistake:       	White=1     	Black=5      Inaccurate:     	White=1     	Black=1      OK:         	White=14    	Black=11     Best:        	White=5     	Black=1      Strong:       	White=3     	---} 1-0

[Event "VIII Open Semana Santa 2024"]
[Site "San Vicente del Raspeig"]
[Date "2024.03.29"]
[Round "5.3"]
[White "Martin Duque, Jesus"]
[Black "Ivanchuk, Vasyl"]
[Result "0-1"]
[ECO "A35"]
[WhiteElo "2332"]
[BlackElo "2625"]
[Annotator "TA"]
[PlyCount "76"]
[EventDate "2024.03.27"]
[EventType "swiss"]
[EventCountry "ESP"]
[SourceTitle "playchess.com"]
[Source "ChessBase"]
[SourceQuality "1"]
[TimeControl "5400+30"]

1. Nf3 c5 2. c4 Nc6 3. Nc3 g6 4. e3 Nf6 5. d4 cxd4 6. exd4 d5 7. cxd5 Nxd5 8. Qb3 e6 9. Bb5 Bg7 10. Bg5 f6 11. Bd2 O-O 12. O-O {[%emt 0:06:28] Weiß steht etwas besser.} Nce7 13. Bc4 Qb6 14. Nxd5 Nxd5 15. Bxd5 exd5 16. Qxd5+ Be6 17. Qa5 Qxa5 18. Bxa5 Bd5 19. Rfe1 Kf7 20. a3 Rfe8 21. Bc3 Bh6 22. Nd2 b6 23. Nf1 a5 24. Ne3 Bb3 25. g3 Re4 26. f4 Bf8 27. Ng2 Rxe1+ 28. Rxe1 b5 29. Ra1 Bd6 30. Ne1 h5 31. h4 Re8 {[%emt 0:00:00] Droht stark ...b4.} 32. Bxa5 Re2 33. Bc3 {[%emt 0:01:35] [#]} g5 $1 34. hxg5 fxg5 35. Kf1 ({Besser ist} 35. Nd3 $11 Re3 36. Ne5+ Bxe5 37. dxe5) 35... Rh2 $1 $15 36. fxg5 (36. Bb4 $15 Bb8 37. Kg1) 36... Bxg3 $19 {[%emt 0:00:00] ( -> ...Bc4+). Das Läuferpaar ist gut.} 37. Kg1 Bd5 38. Kf1 h4 {[%emt 0:00:00] Gewichteter Fehlerwert: Weiß=0.53/Schwarz=0.04 (makellos) .  Verlustzug:     	Weiß=1     	---        Fehler:       	Weiß=1     	---        Ungenau:       	Weiß=2     	Schwarz=1     OK:         	Weiß=9     	Schwarz=10    Bester:       	---       	Schwarz=1     Stark:        	---       	Schwarz=1} (38... Rf2+ $142 39. Kg1 h4 40. Nd3 Rg2+ 41. Kf1 h3 42. Be1 h2 43. Bf2 h1=Q+ (43... h1=R+ $2 44. Ke2 $19) 44. Ke2 Qxa1 (44... Rxf2+ {ist ein Selbstmatt.} 45. Nxf2 Qf3+ 46. Kd2 Bf4+ 47. Ke1 Bc4 48. g6+ Kg7 49. Nd3 Bxd3 50. Rd1 Qg3#) 45. Kd2 Bxf2 (45... Rxf2+ {führt zum Matt.} 46. Kc3 Bd6 47. g6+ Kg7 48. Nxf2 Qc1+ 49. Kd3 Bc4+ 50. Ke4 Qf4#) 46. g6+ Kg8 (46... Kxg6 {wird mattgesetzt.} 47. Nf4+ Kf5 48. Kc3 Be1+ 49. Kd3 Qd1+ 50. Ke3 Rg3#) 47. Ke2 Bxd4+ 48. Nf2 Rxf2+ 49. Kd3 Qd1#) 0-1

[Event "VIII Open Semana Santa 2024"]
[Site "San Vicente del Raspeig"]
[Date "2024.03.29"]
[Round "5.4"]
[White "Alekseenko, Kirill"]
[Black "Patrelakis, Evaggelos"]
[Result "1-0"]
[ECO "C00"]
[WhiteElo "2650"]
[BlackElo "2430"]
[Annotator "TA"]
[PlyCount "87"]
[EventDate "2024.03.27"]
[EventType "swiss"]
[EventCountry "ESP"]
[SourceTitle "playchess.com"]
[Source "ChessBase"]
[SourceQuality "1"]
[TimeControl "5400+30"]

1. e4 e6 2. Nf3 d5 3. Nc3 d4 4. Ne2 c5 5. Ng3 Nc6 6. Bb5 Bd7 7. Bxc6 Bxc6 8. Ne5 {[%emt 0:00:06] The position is equal.} Bb5 9. a4 Ba6 10. d3 Qc7 11. f4 Bd6 (11... O-O-O $11) 12. O-O $14 O-O-O 13. Nc4 Bxc4 14. dxc4 f6 15. Bd2 Qd7 16. c3 Bc7 17. Qf3 e5 18. cxd4 exf4 19. Bxf4 Bxf4 20. Qxf4 {[%emt 0:00:04] [#] Strongly threatening d5.} Qxd4+ 21. Kh1 Nh6 22. Nh5 Rd7 {[%emt 0:00:00] [#]} 23. Nxg7 $1 Rxg7 (23... Rg8 {seems wilder.} 24. Nf5 Nxf5 25. Qxf5 Qxb2 26. Qxc5+ Rc7) 24. Qxh6 Rhg8 25. Qxf6 Qxe4 (25... Rxg2 {simplifies} 26. Qxd4 cxd4 27. Rf8+ Rxf8 28. Kxg2 Rf4) 26. Qf3 (26. Qf5+ {simplifies} Qxf5 27. Rxf5 Rxg2 28. Rxc5+ Kb8 29. Rb1) 26... Qxc4 (26... Qxf3 27. gxf3 Rf8 28. Rae1 $14) 27. Rac1 Qxa4 (27... Qd4 $11 {might be stronger.} 28. g3 Rc7) 28. Qf5+ $1 (28. Rxc5+ Kb8 $16) 28... Kb8 29. Qe5+ Rc7 $1 ({But not} 29... Ka8 $2 30. Qxg7 (30. Rxc5 Rxg2 31. Qe6 Qg4 $11) (30. Qxc5 Qe8 $11) 30... Qe8 31. Qf7 $18 (31. Qxh7 a6 $18)) 30. Rxc5 Qd7 31. Qxc7+ Qxc7 32. Rxc7 Kxc7 {[%emt 0:00:00][%mdl 4096] Endgame. KR-KR} 33. Rf7+ Kc6 $1 34. Rxh7 Rd8 $2 {[%emt 0:00:04][%mdl 8192] This costs Black the game.} ({Black should try} 34... a5 $14) 35. h4 $18 Rd2 $2 (35... a5 36. h5 Rd5) 36. h5 Rxb2 37. h6 Re2 38. Rg7 {[%emt 0:01:32] Intending h7 and mate.} Re8 39. h7 {[%emt 0:00:55] Rg8 would kill now.} Rh8 40. g4 a5 41. g5 a4 42. g6 {[%emt 0:00:05] White mates.} a3 43. Re7 Kd6 44. Re1 {[%emt 0:00:46] Weighted Error Value: White=0.05 (flawless) /Black=0.46.  Loses game:     	---       	Black=1      Mistake:       	---       	Black=3      Inaccurate:     	White=3     	Black=3      OK:         	White=10    	Black=12     Best:        	White=6     	Black=1      Strong:       	White=1     	Black=2} 1-0

[Event "VIII Open Semana Santa 2024"]
[Site "San Vicente del Raspeig"]
[Date "2024.03.29"]
[Round "5.5"]
[White "Yuffa, Daniil"]
[Black "Stribuk, Artiom"]
[Result "1/2-1/2"]
[ECO "B66"]
[WhiteElo "2606"]
[BlackElo "2418"]
[Annotator "TA"]
[PlyCount "120"]
[EventDate "2024.03.27"]
[EventType "swiss"]
[EventCountry "ESP"]
[SourceTitle "playchess.com"]
[Source "ChessBase"]
[SourceQuality "1"]
[TimeControl "5400+30"]

1. e4 c5 2. Nf3 d6 3. d4 cxd4 4. Nxd4 Nf6 5. Nc3 Nc6 6. Bg5 e6 7. Qd2 a6 8. Nxc6 {[%emt 0:00:26] B66: Sizilianisch (Richter/Rauser-Angriff).} bxc6 9. O-O-O Be7 10. Bxf6 gxf6 11. Bc4 Bb7 12. Rhe1 Qc7 13. Qe2 h5 14. Kb1 d5 15. Bb3 Rd8 $146 ({Predecessor:} 15... h4 16. f4 Bb4 17. exd5 cxd5 18. Nxd5 Bxd5 19. Bxd5 Rd8 20. c3 Be7 21. Bf3 Rxd1+ 22. Rxd1 Qxf4 23. Qxa6 {1-0 Paravyan,D (2586)-Bacrot,E (2653) Titled Tuesday intern op 06th Dec Early blitz 2022 (4)}) 16. a3 Kf8 17. g3 Qa5 18. Qe3 Qc5 19. Qf4 Qd6 20. Qc1 Qc7 21. Qe3 Kg7 22. Ne2 dxe4 23. Rxd8 Rxd8 24. Nf4 Qe5 25. Qe2 c5 26. Nxh5+ Kh6 27. Nf4 f5 $2 (27... Rd6 $11 {und Schwarz steht sicher.}) 28. c3 $2 (28. Bxe6 $18 {Weiss droht Qh5+ und Matt.} fxe6 29. Qh5+ Kg7 30. Qg6+ Kh8 31. Nh5 (31. Qxe6 $2 Qxe6 32. Nxe6 Rd2 $19) (31. Qf7 Qg7 $14)) 28... Kg7 $11 29. h4 Rd6 (29... Bc6 {scheint genauer.}) 30. Bc4 (30. Nd3 $5 Qf6 (30... Rxd3 31. Qxd3 exd3 32. Rxe5 $16) 31. Nxc5 $14) 30... Bd5 (30... Rb6 $11) 31. Bxa6 $14 Rb6 $1 32. Bb5 Bb3 33. Bc4 Ba4 (33... Qb8 $1 $11 {bleibt in der Remisbreite.} 34. Bxb3 Rxb3) 34. Ka2 Kg8 35. Qd2 Qb8 36. Re2 (36. g4 $16 {Und jetzt gxf5 wäre schön.} Qd6 37. Qe3 (37. Qxd6 Rxd6 38. h5 fxg4 $14)) 36... Bb3+ (36... Rd6 $14 37. Qe3 Bb5 38. Bxb5 (38. Qxc5 $2 Rd5 $19) 38... Qxb5) 37. Bxb3 $16 Rxb3 38. Qd7 Rb7 39. Qa4 Bd6 ({Vorzuziehen ist} 39... Qd6 $14) 40. Ng2 $1 $16 Be5 41. Ne3 Ra7 42. Qc4 Qd6 (42... Qb6 $142 43. g4 f4) 43. Re1 (43. g4 $18 {und Weiss behält klar die Oberhand.} f4 44. Nc2) 43... Qd2 $16 44. Re2 (44. Qxc5 Qxe1 45. Qxe5 (45. Qxa7 Qxf2 46. g4 Bf4 $19) 45... Rb7 $11) (44. Rd1 $16 Qxf2 45. Qxc5) 44... Qd6 $1 $18 45. Rc2 Bf6 46. Rc1 Qd2 47. Rc2 (47. Qxc5 Rxa3+ 48. Kxa3 Qxc1 $11) (47. Qf1 $1 $16 {Rd1 wäre nun fies.} Rb7 48. Rc2) 47... Qd6 $18 48. Qe2 Rd7 49. Nc4 (49. Rc1 $18) 49... Qa6 $16 {[%emt 0:00:14] [#]} 50. b3 $1 Rd3 51. g4 (51. Qe1 $16) 51... Bxc3 $11 ({Bitte nicht} 51... Bxh4 52. gxf5 exf5 53. Nb2 $14) 52. gxf5 exf5 53. Qh5 {[%emt 0:01:27] [#]} (53. Qxd3 $1 $11 exd3 54. Rxc3) 53... Bg7 (53... Qe6 $1 $17 {Und ...Bg7 würde nun gewinnen.} 54. Qg5+ Bg7) 54. Qxf5 $11 Rd1 55. Ne5 (55. Qxe4 $2 Ra1#) 55... Qf1 56. Qxf7+ (56. Nxf7 $2 Ra1#) 56... Kh7 57. Qh5+ (57. Rxc5 $2 {wird mattgesetzt.} Qe2+) 57... Kg8 58. Qf7+ (58. Rxc5 $2 Rd2+) 58... Kh7 59. Qf5+ (59. Rxc5 $2 {führt zum Matt.} Qe2+) 59... Kg8 $1 60. Qf7+ Kh7 1/2-1/2